Yev-Ruu, chaotic female vampiric Convict --- ---------------.---- |............%.....-- ---..------------.|.%.| |...-- ----).| ---.--- ---.-- |...|---- |...| -..---..| |...- ....)...| |.|..| ........------ |.|...- |........--..| |.|...| . ---....)<.%...-| |.|.|@--.- ---|...%).%....^..-- |.|.|_h..| --..|...%...........| |.|.|-%..| |..................-- |.|.||..>| --..............---- --.|.|--..| |.)............| |....| ---- |..........--..| |..--- --.|.--...------ ---- ---- ----- Yev-Ruu the Jail-bird Experience level: 6 Strength: 15 Dexterity: 11 Constitution: 19 Intelligence: 13 Wisdom: 8 Charisma: 9 Health: 0(62) Energy: 38(38) AC: 5 Gold: 119 Moves: 1151 Your Inventory: Coins $ - 119 gold pieces Armor b - a cursed +0 striped shirt (being worn) r - an [uncursed] +0 hard hat [dwarvish iron helm] (being worn) s - an [uncursed] +0 hooded cloak [dwarvish] (being worn) t - an [uncursed] +0 large round shield [dwarvish roundshield] (being worn) u - a cursed -1 pair of hard shoes [iron] (being worn) Scrolls e - an [uncursed] scroll labeled KO BATE [of confuse monster] i - an [uncursed] scroll labeled EIRIS SAZUN IDISI [of identify] l - an [uncursed] scroll labeled ASHPD [of flood] p - an [uncursed] scroll labeled PRATYAVAYAH [of teleportation] Potions d - an [uncursed] potion of oil j - an [uncursed] emerald potion [of gain level] k - an [uncursed] indigo potion [of invisibility] m - an [uncursed] amber potion [of sickness] q - an [uncursed] soapy potion [of healing] Tools g - an [uncursed] tin whistle n - an [uncursed] partly used [tallow] candle (lit) (0:33) v - an [uncursed tallow] candle Gems o - an [uncursed] orange gem [worthless glass] w - an [uncursed] black gem [black opal] Iron balls c - an [uncursed] corroded heavy iron ball (chained to you) (weapon in hand) Spells known in the end: Name Level Category Fail Memory Your skills at the end: Fighting Skills Weapon Skills sling [Basic / Skilled] Spellcasting Skills Final Attributes: You were devoutly aligned. Hunger level was 530. Your alignment was 15 / 15. Monster difficulty range was 0 - 5. Level difficulty was 4. You were immune to level-drain. You were immune to sickness. You were punished. You could fly. You could survive without air. You regenerated. Your luck was zero. You are dead. Vanquished creatures: 2 black puddings a dingo a gnome lord 2 gnomish wizards 2 dwarves an iguana an acid blob 2 giant rats 10 gnomes a jackal a kobold a goblin a grid bug 2 newts 28 creatures vanquished. Voluntary challenges: You went without food. You were illiterate. You never hit with a wielded weapon. You put on armor 5 times. You never genocided any monsters. You never polymorphed an object. You never changed form. You used no wishes. You abstained from Elbereth's help. You never encountered a bones level. You never used any Sokoban shortcuts. Dungeon overview: The Dungeons of Doom: levels 1 to 3 Level 1 some fountains, a sink a long staircase Level 2 a fountain Level 3 a fountain stairs to The Gnomish Mines The Gnomish Mines: Level 4 <- You were here stairs to The Dungeons of Doom History has recorded: On T:1 you entered the Dungeons of Doom to retrieve the Amulet of Yendor! On T:302 you advanced to experience level 2. On T:315 you advanced to experience level 3. On T:320 you advanced to experience level 4. On T:630 you reached level 2 of The Dungeons of Doom. On T:727 you advanced to experience level 5. On T:873 you reached level 3 of The Dungeons of Doom. On T:957 you reached level 1 of The Gnomish Mines. On T:993 you advanced to experience level 6. Latest messages: [HP+1=35] You miss the dwarf. (2x) You hear rumbling in the distance. The dwarf swings his broad pick. The dwarf just misses! [HP+1=36] You miss the dwarf. You bite the dwarf. [HP+1=37] You miss the dwarf. (2x) The dwarf swings his broad pick. The dwarf hits! [HP-18=19] You miss the dwarf. (2x) [HP+1=20] You miss the dwarf. (2x) The dwarf swings his broad pick. The dwarf hits! [HP-5=15] [HP+1=16] The dwarf swings his broad pick. The dwarf hits! You die... Final status: Goodbye Yev-Ruu the Convict... You died in The Gnomish Mines on dungeon level 4 with 1758 points, and 119 pieces of gold, after 1151 moves. You were level 6 with a maximum of 62 hit points when you died.